 Dungeon Sprint DCSS version 0.28-a0-1033-g1a2f33fa85 (webtiles) character file.

Game seed: 6116655121145358000

445 ytrimaz the Grappler (level 6, -3/76 (106) HPs)
             Began as a Troll Berserker on Dec 7, 2021.
             Was a Believer of Trog.
             Slain by Sonja (7 damage)
             ... in the Dungeon (Sprint I: "Red Sonja").
             The game lasted 00:00:46 (199 turns).

ytrimaz the Grappler (Troll Berserker)               Turns: 199, Time: 00:00:47

HP:   -3/76 (106)   AC:  4    Str: 28    XL:     6   Next: 72%
MP:   5/5           EV: 11    Int:  3    God:    Trog [**....]
Gold: 297           SH:  0    Dex:  9    Spells: 5/5 levels left

rFire   . . .      SeeInvis .     - Unarmed
rCold   . . .      Faith    .   (no shield)
rNeg    . . .      Spirit   .   a - +0 animal skin
rPois   .          Reflect  .   (helmet restricted)
rElec   .          Harm     .   (no cloak)
rCorr   .          Rampage  .   (gloves unavailable)
Will    ++...      NoTele   +   (boots unavailable)
Stlth   ..........              (no amulet)
HPRegen 2.02/turn               (no ring)
MPRegen 0.09/turn               (no ring)

@: berserking, lethally poisoned (-3 -> -3), strong-willed, regenerating,
slowed, very heavily drained
A: large, unfitting armour, claws 3, regeneration 1, shaggy fur 1, tough skin 1
a: Renounce Religion, Berserk, Trog's Hand


You were in the Dungeon.
You worshipped Trog.
Trog was pleased with you.
You visited 1 branch You collected 297 gold pieces.

Inventory:

Armour
 a - a +0 animal skin (worn)
Wands
 h - a wand of paralysis (4)
Scrolls
 g - a scroll of blinking
Potions
 b - a potion of curing
 c - a potion of heal wounds
 d - a potion of haste
 e - 2 potions of magic


   Skills:
 + Level 7.2 Fighting
 + Level 7.3 Dodging
 + Level 9.4 Unarmed Combat


You had 5 spell levels left.
You didn't know any spells.
Your spell library was empty.

Dungeon Overview and Level Annotations

Branches:
Dungeon (1/1)

Altars:
Cheibriados
Dithmenos
Elyvilon
Fedhas
Gozag
Hepliaklqana
Kikubaaqudgha
Okawaru
Qazlal
Ru
Sif Muna
Trog
Uskayaw
Vehumet
Wu Jian
Yredelemnul
Zin
The Shining One

Shops:
D :

Annotations:
D Sonja


Innate Abilities, Weirdness & Mutations

You are too large for most types of armour.
You have claws for hands.
Your natural rate of healing is unusually fast.
You are covered in fur. (AC +1)
You have tough skin. (AC +1)


Message History

You feel drained. Sonja closely misses you.
Your skin crawls.
You feel strong-willed.
You feel sick.
Sonja hits you with a +0 short sword of draining.
You feel drained.
Sonja hits you with a +0 short sword of draining.
You feel drained.
Sonja hits you with a +0 short sword of draining.
You feel drained.
Sonja hits you with a +0 short sword of draining.
You feel drained. Sonja misses you.
Sonja hits you with a +0 short sword of draining.
You feel drained.
A red film seems to cover your vision as you go berserk!
You feel yourself moving faster!
You feel mighty!
You feel sick. Sonja barely misses you. x2
Sonja hits you with a +0 short sword of draining.
You feel drained.
Sonja hits you with a +0 short sword of draining.
* * * LOW HITPOINT WARNING * * *
You feel drained.
Sonja hits you with a +0 short sword of draining.
* * * LOW HITPOINT WARNING * * *
You feel drained.
* * * LOW HITPOINT WARNING * * *
Sonja hits you with a +0 short sword of draining.
* * * LOW HITPOINT WARNING * * *
You feel drained.
You mangle Sonja!!
Sonja is severely wounded.
Sonja hits you with a +0 short sword of draining.
* * * LOW HITPOINT WARNING * * *
You feel drained.
Sonja hits you with a +0 short sword of draining!
* * * LOW HITPOINT WARNING * * *
You feel drained.
* * * LOW HITPOINT WARNING * * *
Sonja hits you with a +0 short sword of draining!
You die...

################
#<.#..').#..'..#
#..').#..').#..+
#..#####'#####'# #
#..# #..#...#(# ##$§#
#..#__####..##(#§§≈§c#
#..#_____##'#_.+≈§§
#⌠⌠#_.∩...'..._#≈≈≈.c#
####_..__##_@#'# +####
#____ ##K#(# ####
#.### $.$ $.$ ##.##
#+#


You could see Sonja.

Vanquished Creatures
  Sigmund (D)
  A yak (D)
  An ogre (D)
  A jelly (D)
  Ijyb (D)
5 creatures vanquished.

Notes
Turn   | Place    | Note
-------+----------+-------------------------------------------
     0 | D        | ytrimaz the Troll Berserker began the quest for the Orb.
     0 | D        | Reached XP level 1. HP: 22/22 MP: 0/0
     1 | D        | Noticed Ijyb
     3 | D        | Paralysed by Ijyb for 2 turns
    14 | D        | Killed Ijyb
    15 | D        | Reached skill level 4 in Unarmed Combat
    15 | D        | Reached XP level 2. HP: 17/31 MP: 1/1
    71 | D        | Noticed an ogre
    76 | D        | Killed an ogre
    77 | D        | Reached skill level 5 in Fighting
    77 | D        | Reached skill level 5 in Dodging
    77 | D        | Reached skill level 6 in Unarmed Combat
    77 | D        | Reached XP level 3. HP: 42/42 MP: 2/2
    77 | D        | Reached XP level 4. HP: 50/50 MP: 3/3
   108 | D        | Noticed Sigmund
   118 | D        | Killed Sigmund
   118 | D        | Reached ** piety under Trog
   119 | D        | Reached skill level 8 in Unarmed Combat
   119 | D        | Reached XP level 5. HP: 40/61 MP: 4/4
   119 | D        | Reached XP level 6. HP: 44/68 MP: 5/5
   153 | D        | Found an ornate altar of the Wu Jian Council.
   153 | D        | Found a shimmering blue altar of Sif Muna.
   155 | D        | Found a radiant altar of Vehumet.
   159 | D        | Noticed a centaur warrior
   159 | D        | Noticed a centaur warrior
   168 | D        | Found Rimex's Book Emporium.
   168 | D        | Found an ancient bone altar of Kikubaaqudgha.
   168 | D        | Found a hazy altar of Hepliaklqana.
   168 | D        | Found a stormy altar of Qazlal.
   168 | D        | Found a hide-covered altar of Uskayaw.
   168 | D        | Found a blossoming altar of Fedhas.
   168 | D        | Found a bloodstained altar of Trog.
   168 | D        | Found an iron altar of Okawaru.
   168 | D        | Found a basalt altar of Yredelemnul.
   168 | D        | Found a glowing golden altar of the Shining One.
   168 | D        | Found a snail-covered altar of Cheibriados.
   168 | D        | Found a sacrificial altar of Ru.
   168 | D        | Found a glowing silver altar of Zin.
   168 | D        | Found a shadowy altar of Dithmenos.
   168 | D        | Found a white marble altar of Elyvilon.
   168 | D        | Noticed a yak
   173 | D        | Killed a yak
   174 | D        | Reached skill level 9 in Unarmed Combat
   174 | D        | Found an opulent altar of Gozag.
   194 | D        | Noticed Sonja
   199 | D        | Slain by Sonja

Illustrated notes

Levels and vault maps discovered:
D:        dungeon_sprint_1 [red_sonja_temple_1, red_sonja_temple_small_1]

Skill      XL: |  1  2  3  4  5  6 |
---------------+-------------------+-----
Fighting       | 3 5 6 7 |  7.2
Dodging        | 3 5 6 7 |  7.3
Unarmed Combat | 4 6 8 9 |  9.4

Action                   |  1- 3 |  4- 6 || total
-------------------------+-------+-------++-------
Melee: Unarmed           |    14 |    14 ||    28
       Punch             |     1 |     2 ||     3
Invok: Berserk           |     1 |     1 ||     2
       Trog's Hand       |       |     1 ||     1
  Use: Potion            |     1 |       ||     1
Armor: Animal skin       |     2 |     3 ||     5
Dodge: Dodged            |     1 |     9 ||    10

Table legend: (Time is in decaauts)
 A = Elapsed time spent in this place.
 B = Non-inter-level travel time spent in this place.
 C = Inter-level travel time spent in this place.
 D = Time resting spent in this place.
 E = Time spent auto-exploring this place.
 F = Levels seen in this place.
 G = Mean time per level.
                   A        B        C        D        E       F      G
               +--------+--------+--------+--------+--------+-----+--------+
         Total |    219 |    219 |      0 |    116 |      0 |   1 |  219.0 |
       Dungeon |    219 |    219 |      0 |    116 |      0 |   1 |  219.0 |
               +--------+--------+--------+--------+--------+-----+--------+

Top non-repeatable levels by time:
       D: 219 daAuts
